Map: Terraform LE (Void)

Players

TOP - Winner!

  • Race: Terran Terran
  • League: Master

NightEnD

  • Race: Protoss Protoss
  • League: Master

VOD

Have the link to the VOD?

Description

Time

  • Played on: Sept. 5, 2015, 5:30 p.m.
  • Length: 11:42
Show
View Real Time Build Order
Export as new Build Order

TOP Terran - Winner!

Build Orders: MMM Bio 

Get SALT Encoding   

  12  0:01  SCV  
  13  0:13  SCV  
  14  0:18  Supply Depot  
  14  0:25  SCV  
  15  0:39  SCV  
  15  0:41  Barracks  
  16  0:50  Supply Depot  
  16  0:51  SCV  
  16  0:55  Refinery  
  17  1:04  SCV  
  18  1:16  SCV  
  19  1:28  Marine  
  19  1:30  Orbital Command  
  20  1:46  Barracks Reactor  
  20  1:53  Command Center  
  20  1:58  SCV  
  21  2:10  SCV  
  21  2:12  Bunker  
  21  2:15  Factory  
  22  2:22  SCV, Marine x2  
  25  2:25  Refinery  
  25  2:34  SCV  
  26  2:40  Marine x2  
  28  2:46  SCV  
  29  2:57  Marine x2  
  31  3:00  Starport  
  31  3:04  Widow Mine  
  31  3:05  SCV, Orbital Command  
  34  3:15  Marine x2  
  34  3:17  SCV  
  37  3:29  SCV  
  37  3:33  Marine x2  
  40  3:34  Widow Mine  
  40  3:39  Medivac  
  43  3:41  SCV  
  43  3:46  Supply Depot  
  45  3:51  Marine  
  45  3:55  Supply Depot  
  46  4:00  Marine  
  46  4:03  Command Center  
  46  4:14  SCV x2, Widow Mine  
  50  4:20  Barracks, Marine x2  
  52  4:27  SCV, Barracks  
  52  4:28  SCV  
  54  4:35  Viking  
  56  4:39  SCV  
  56  4:40  SCV  
  56  4:44  Marine  
  59  4:47  Factory Tech Lab, Marine  
  59  4:51  SCV  
  59  4:52  SCV  
  62  4:54  Supply Depot  
  62  5:02  Marine  
  62  5:03  SCV  
  62  5:04  SCV  
  61  5:09  Marine  
  62  5:15  SCV  
  62  5:19  SCV, Orbital Command  
  62  5:20  Factory Reactor  
  62  5:21  Starport Reactor  
  64  5:22  Barracks Tech Lab, Stimpack, Marauder  
  64  5:23  Marine  
  64  5:27  Marine  
  64  5:28  SCV  
  69  5:29  Refinery  
  69  5:34  SCV  
  70  5:40  SCV  
  70  5:41  Marine  
  70  5:42  Engineering Bay  
  72  5:44  Marine, Engineering Bay, Marauder  
  72  5:46  SCV  
  72  5:49  Refinery  
  76  5:52  SCV  
  76  5:55  Marauder  
  79  6:00  Widow Mine x2, Medivac x2  
  79  6:02  Marine  
  88  6:05  Marauder  
  88  6:06  Orbital Command  
  88  6:10  SCV x2  
  92  6:13  Marine  
  92  6:17  Terran Infantry Weapons Level 1, Supply Depot, Terran Infantry Armor Level 1  
  93  6:19  Supply Depot  
  93  6:20  Marauder  
  93  6:22  SCV x2  
  97  6:32  Marauder, Marine x2  
  101  6:38  Widow Mine x2, Medivac  
  106  6:40  SCV x2  
  106  6:41  SCV  
  106  6:43  Marauder  
  106  6:44  Medivac  
  106  6:46  Supply Depot  
  112  6:53  Combat Shields  
  112  6:55  Missile Turret  
  112  6:56  SCV x2  
  112  6:57  SCV  
  112  6:59  Marauder  
  112  7:00  Marine x2  
  119  7:06  Missile Turret  
  119  7:08  SCV  
  119  7:11  Widow Mine  
  119  7:12  Supply Depot, Widow Mine  
  119  7:13  Supply Depot  
  119  7:14  Marauder  
  126  7:16  Medivac  
  126  7:18  Marine x2  
  126  7:20  Barracks  
  130  7:23  SCV  
  130  7:24  SCV, Barracks  
  130  7:25  SCV  
  133  7:32  Supply Depot  
  133  7:33  Armory  
  133  7:36  Marauder, Marine x2  
  137  7:38  Concussive Shells  
  139  7:51  Marauder  
  139  7:54  Marine x2  
  139  7:59  Ghost Academy  
  139  8:05  SCV x3  
  142  8:06  Marauder  
  142  8:08  Barracks Tech Lab  
  142  8:09  Widow Mine x2  
  142  8:10  Medivac  
  142  8:11  Marine x2  
  152  8:17  SCV, Barracks Tech Lab  
  152  8:18  Supply Depot  
  152  8:19  Marauder  
  155  8:22  Supply Depot  
  155  8:27  Marine  
  155  8:29  Marine x2  
  155  8:31  Ghost  
  160  8:35  SCV x2  
  160  8:37  Refinery  
  160  8:38  Refinery  
  160  8:39  Command Center, SCV, Ghost  
  165  8:45  Supply Depot  
  165  8:46  Marauder, Widow Mine x2, Marine  
  165  8:47  SCV, Medivac, Marine  
  165  8:48  Marine  
  177  9:00  Marine  
  173  9:04  Marine  
  173  9:05  Marine x2  
  173  9:08  Marauder  
  173  9:09  Marauder  
  161  9:18  Marauder  
  161  9:20  Medivac, Widow Mine x2  
  161  9:21  Medivac  
  161  9:23  Ghost, Marine  
  174  9:24  Marine  
  174  9:29  Marine  
  174  9:30  Marauder  
  174  9:31  Command Center  
  178  9:39  Marine  
  178  9:40  Marine  
  178  9:42  Marine  
  181  9:47  Marauder  
  181  9:51  Marine  
  181  9:52  Marauder  
  184  9:57  Marine  
  184  9:58  Marine  
  180  10:00  Orbital Command, Marine  
  179  10:07  Ghost  
  179  10:10  Marauder  
  179  10:13  Marine  
  175  10:15  Marauder  
  175  10:16  Marine  
  175  10:18  Marine  
  164  10:31  Marauder x2  
  164  10:34  Marine  
  152  10:36  Marauder, Ghost, Marine  
  136  10:52  Marauder, Marine x2  
  136  10:54  Marine  
  135  10:57  Marine  
  129  11:05  Marauder  
  129  11:09  Marine  
  129  11:10  Ghost  
  124  11:11  Marine  
  124  11:13  Marine  
  124  11:15  Marine  
Show
View Real Time Build Order
Export as new Build Order

NightEnD Protoss 

Build Orders:  

Get SALT Encoding   

  12  0:00  Probe (Chrono Boost)  
  13  0:10  Probe (Chrono Boost)  
  14  0:19  Pylon  
  14  0:21  Probe (Chrono Boost)  
  15  0:36  Probe (Chrono Boost)  
  15  0:38  Gateway  
  16  0:47  Probe (Chrono Boost)  
  16  0:48  Assimilator  
  17  0:57  Probe (Chrono Boost)  
  18  1:07  Probe (Chrono Boost), Pylon  
  19  1:17  Probe (Chrono Boost)  
  20  1:27  Probe (Chrono Boost)  
  20  1:28  Cybernetics Core  
  23  1:37  Probe (Chrono Boost)  
  24  1:47  Probe (Chrono Boost)  
  23  1:55  Nexus  
  23  1:59  Probe (Chrono Boost)  
  24  2:06  Adept  
  26  2:09  Mothership Core (Chrono Boost)  
  26  2:12  Assimilator  
  28  2:16  Warp Gate  
  28  2:23  Pylon  
  28  2:27  Probe (Chrono Boost)  
  29  2:33  Adept  
  31  2:41  Probe (Chrono Boost)  
  32  2:50  Robotics Facility  
  32  2:51  Probe (Chrono Boost)  
  33  3:01  Probe (Chrono Boost)  
  33  3:05  Adept  
  36  3:06  Probe (Chrono Boost)  
  36  3:12  Probe (Chrono Boost)  
  38  3:16  Probe (Chrono Boost)  
  39  3:22  Probe (Chrono Boost)  
  39  3:27  Probe (Chrono Boost)  
  40  3:32  Adept  
  40  3:33  Probe (Chrono Boost)  
  44  3:37  Probe (Chrono Boost), Observer  
  46  3:43  Probe (Chrono Boost)  
  46  3:47  Forge  
  46  3:48  Probe (Chrono Boost)  
  48  3:51  Pylon  
  48  3:52  Pylon  
  48  3:53  Probe (Chrono Boost)  
  48  3:54  Twilight Council  
  49  3:58  Probe (Chrono Boost)  
  50  4:03  Probe (Chrono Boost)  
  50  4:04  Observer  
  50  4:08  Probe (Chrono Boost)  
  53  4:13  Probe (Chrono Boost)  
  54  4:20  Probe (Chrono Boost), Protoss Ground Armor Level 1 (Chrono Boost)  
  54  4:23  Probe (Chrono Boost), Nexus  
  56  4:27  Adept  
  58  4:41  Probe x2  
  58  4:43  Pylon  
  60  4:48  Observer  
  61  4:53  Probe x2  
  61  4:59  Gateway  
  63  5:00  Gateway  
  63  5:01  Shield Upgrade  
  63  5:02  Gateway  
  63  5:11  Gateway x2  
  63  5:14  Adept  
  63  5:15  Probe  
  63  5:16  Probe  
  63  5:17  Gateway  
  63  5:20  Pylon  
  67  5:24  Photon Cannon  
  67  5:29  Probe x2, Pylon  
  69  5:36  Probe  
  69  5:41  Probe x2  
  72  5:46  Probe, Adept, Photon Cannon  
  72  5:49  Photon Cannon  
  75  5:53  Probe x2  
  75  5:54  Blink  
  75  5:56  Probe  
  78  6:09  Adept x2  
  78  6:10  Adept x2  
  86  6:12  Protoss Ground Armor Level 2 (Chrono Boost)  
  86  6:18  Assimilator  
  85  6:19  Assimilator  
  85  6:24  Pylon  
  85  6:25  Pylon  
  85  6:29  Pylon  
  85  6:30  Warp Prism  
  87  6:33  Pylon  
  87  6:39  Probe x2  
  88  6:45  Stalker x2  
  88  6:46  Stalker x2  
  96  6:48  Stalker  
  96  6:51  Zealot x2  
  96  6:53  Pylon  
  102  7:00  Gateway  
  102  7:01  Gateway  
  102  7:03  Gateway, Pylon  
  102  7:11  Stalker x4  
  102  7:15  Stalker  
  112  7:31  Adept  
  112  7:32  Adept  
  112  7:34  Adept x3  
  112  7:35  Adept  
  124  7:43  Charge  
  124  7:49  Adept  
  126  7:52  Warp Prism (Chrono Boost)  
  120  8:09  Zealot x2  
  120  8:10  Zealot x7  
  120  8:11  Zealot  
  140  8:15  Pylon  
  140  8:16  Pylon  
  140  8:17  Pylon  
  140  8:31  Zealot  
  140  8:32  Zealot x7  
  140  8:33  Zealot  
  158  8:36  Protoss Ground Weapons Level 1  
  158  8:51  Zealot  
  158  8:52  Zealot  
  158  8:53  Zealot x2  
  158  8:54  Zealot  
  168  8:56  Zealot x3  
  145  9:20  Zealot x4  
  145  9:21  Zealot x6  
  165  9:30  Pylon  
  165  9:31  Pylon  
  165  9:37  Pylon  
  165  9:45  Zealot x4  
  169  9:46  Zealot x2  
  151  10:07  Zealot  
  151  10:08  Zealot x2  
  151  10:09  Zealot x2  
  151  10:10  Zealot x5  
  129  10:31  Zealot x5  
  129  10:32  Zealot x5  
  141  10:36  Observer (Chrono Boost)  
  48  11:13  Adept  
  48  11:14  Adept, Zealot x3  
Tags
 
Add a new tag
Caveats
  • Supply blocks, unpowered buildings, or Contaminate may cause inaccurate times.
  • Supply counts are checked every 10 seconds.